 Dungeon Crawl Stone Soup version 0.28-a0-863-g8cecda6153 (webtiles) character file.

Game seed: 12763870007639600861

115 vineage the Covered (level 5, 0/33 HPs)
             Began as a Gargoyle Fighter on Nov 17, 2021.
             Slain by a worm (5 damage)
             ... on level 4 of the Dungeon.
             The game lasted 00:04:14 (2505 turns).

vineage the Covered (Gargoyle Fighter)              Turns: 2505, Time: 00:04:16

Health: 0/33       AC: 14    Str: 26    XL:     5   Next: 0%
Magic:  5/5        EV: 10    Int:  8    God:
Gold:   135        SH:  4    Dex: 10    Spells: 4/4 levels left

rFire   . . .      SeeInvis .   a - +0 flail
rCold   . . .      Faith    .   c - +0 buckler
rNeg    + . .      Spirit   .   b - +0 scale mail
rPois   ∞          Reflect  .   (no helmet)
rElec   +          Harm     .   q - +2 cloak
rCorr   .          Rampage  .   (no gloves)
Will    .....                   (no boots)
Stlth   ..........              (no amulet)
HPRegen 0.11/turn               l - +6 ring of strength
MPRegen 0.09/turn               (no ring)

@: mighty, weak-willed
A: sickness immunity, AC +4, negative energy resistance 1, electricity
resistance, torment resistance 1, petrification resistance
a: no special abilities


You were on level 4 of the Dungeon.
You visited 1 branch of the dungeon, and saw 4 of its levels.

You collected 135 gold pieces.

Inventory:

Hand Weapons
 a - a +0 flail (weapon)
 f - a +0 short sword
Armour
 b - a +0 scale mail (worn)
 c - a +0 buckler (worn)
 p - a +0 scale mail
 q - a +2 cloak (worn)
Jewellery
 l - a +6 ring of strength (left hand)
Scrolls
 j - a scroll of vulnerability
 r - a scroll of blinking {unknown}
Potions
 e - a potion of heal wounds {unknown}
 g - a potion of resistance {unknown}
 h - a potion of flight {unknown}
 i - a potion of curing
 k - a potion of brilliance {unknown}
 m - a potion of magic {unknown}
 o - a potion of invisibility


   Skills:
 + Level 3.9 Fighting
 * Level 3.4 Maces & Flails
 + Level 4.0 Armour
 - Level 0.5 Dodging
 - Level 0.2 Stealth
 + Level 3.8 Shields


You had 4 spell levels left.
You didn't know any spells.
Your spell library was empty.

Dungeon Overview and Level Annotations

Branches:
Dungeon (4/15)
 Temple: D:4-7

Altars:
Hepliaklqana

Shops:
D:1 :


Innate Abilities, Weirdness & Mutations

You are immune to sickness and miasma.
Your stone body is resilient. (AC +4)
You are immune to poison.
You resist negative energy. (rN+)
You are resistant to electric shocks. (rElec)
You are resistant to unholy torment.
You are immune to petrification.


Message History

A ball python comes into view.
The quokka closely misses you. The ball python barely misses you.
The ball python grabs you. The ball python constricts you.
You closely miss the hound.
The hound is severely wounded.
The hound stops to sniff the ground.
The hound closely misses you. The quokka bites you.
The ball python bites you but does no damage.
The ball python constricts you. The hound bites you.
* * * LOW HITPOINT WARNING * * *
The quokka bites you.
* * * LOW HITPOINT WARNING * * *
You thump the hound!
You kill the hound!
The ball python bites you.
* * * LOW HITPOINT WARNING * * *
The ball python constricts you.
The quokka twitches its whiskers.
The quokka bites you but does no damage.
You block the ball python's attack. The ball python constricts you.
Your Armour skill increases to level 4!
You closely miss the ball python. The quokka barely misses you.
The goblin hits you but does no damage.
The ball python bites you but does no damage.
The ball python constricts you.
The quokka bites you but does no damage.
The goblin hits you but does no damage.
You thump the ball python!
You kill the ball python!
The hobgoblin hits you but does no damage.
The worm bites you but does no damage. The quokka barely misses you.
You block the goblin's attack.
The hobgoblin hits you but does no damage.
You have reached level 5!
You hit the worm.
The worm is moderately wounded.
The quokka barely misses you. The goblin hits you with a +0 dagger.
* * * LOW HITPOINT WARNING * * *
You block the hobgoblin's attack. The worm bites you.
You die...

.. .#......... #.
#............ ##..
............. .
#....#.$....#....# ....
#...#......#....#.....
#...............#.....
.#....g.r..............
.......@gh.....##......
......w##S.....<..#..>
.......###.............
...................###.
.......##........#...#
.......#.........#.....
.................# ..#.
....................##
..w.............#


You could see a worm, a howler monkey, a quokka, a hobgoblin, a goblin and a
ball python.

Vanquished Creatures
  A hound (D:4)
  3 adders
  A worm (D:3)
  3 dart slugs
  7 endoplasms
  2 giant cockroaches
  3 goblins (D:1)
  6 hobgoblins
  7 kobolds
  2 quokkas
  6 ball pythons
  A bat (D:1)
  3 frilled lizards
  6 rats
51 creatures vanquished.

Notes
Turn   | Place    | Note
-------+----------+-------------------------------------------
     0 | D:1      | vineage the Gargoyle Fighter began the quest for the Orb.
     0 | D:1      | Reached XP level 1. HP: 14/14 MP: 1/1
    76 | D:1      | Found Veleim's Book Shop.
    89 | D:1      | Reached XP level 2. HP: 19/19 MP: 2/2
   100 | D:1      | Found a faded altar of an unknown god.
   630 | D:1      | Reached XP level 3. HP: 19/23 MP: 3/3
  1316 | D:2      | Reached XP level 4. HP: 24/29 MP: 4/4
  1691 | D:3      | Found a hazy altar of Hepliaklqana.
  2503 | D:4      | Reached skill level 4 in Armour
  2505 | D:4      | Reached XP level 5. HP: 7/33 MP: 5/5
  2505 | D:4      | Slain by a worm

Illustrated notes

Levels and vault maps discovered:
D:1:      roderic_chinese_lattice_arrival, layout_rooms,
          shapermc_ecumenical_altar_totnotflames, serial_shops, shop_fountains
D:2:      layout_loops_cross, minmay_tromino_mix6
D:3:      layout_basic, mainiacjoe_overflow_six_doors_small
D:4:      layout_cave_pools, hangedman_abyss_or_decor_passed

Skill      XL: |  1  2  3  4 |
---------------+-------------+-----
Maces & Flails | 3 |  3.4
Armour         | 4 |  4.0
Fighting       | |  3.9
Dodging        | |  0.5
Stealth        | |  0.2
Shields        | |  3.8

Action                   |  1- 3 |  4- 6 || total
-------------------------+-------+-------++-------
Melee: Flail             |   118 |    37 ||   155
  Use: Scroll            |     3 |     3 ||     6
       Potion            |       |     2 ||     2
Armor: Scale mail        |    73 |    20 ||    93
Dodge: Dodged            |    72 |    17 ||    89
Block: Buckler           |    21 |    13 ||    34

Table legend: (Time is in decaauts)
 A = Elapsed time spent in this place.
 B = Non-inter-level travel time spent in this place.
 C = Inter-level travel time spent in this place.
 D = Time resting spent in this place.
 E = Time spent auto-exploring this place.
 F = Levels seen in this place.
 G = Mean time per level.
                   A        B        C        D        E       F      G
               +--------+--------+--------+--------+--------+-----+--------+
         Total |   2548 |   2490 |     58 |      0 |   2106 |   4 |  637.0 |
       Dungeon |   2548 |   2490 |     58 |      0 |   2106 |   4 |  637.0 |
               +--------+--------+--------+--------+--------+-----+--------+

Top non-repeatable levels by time:
     D:3: 911 daAuts
     D:2: 827 daAuts
     D:1: 779 daAuts
     D:4: 30 daAuts
